 Dungeon Crawl Stone Soup version 0.19-a0-36-g4a0968a (webtiles) character file.

147381 ololoev the Eclecticist (level 16, -2/90 HPs)
             Began as a Deep Elf Fire Elementalist on May 4, 2016.
             Was a High Priest of Vehumet.
             Hit by a large rock thrown by a stone giant (46 damage)
             ... on level 2 of the Depths.
             The game lasted 01:15:22 (24735 turns).

ololoev the Eclecticist (DEFE)                     Turns: 24735, Time: 01:15:22

Health: -2/90      AC:  8    Str:  5    XL:     16   Next: 91%
Magic:  23/42      EV: 21    Int: 28    God:    Vehumet [*****.]
Gold:   997        SH:  7    Dex: 15    Spells: 5 memorised, 38 levels left

rFire  + . .     SeeInvis +     o - +4 rapier of the Coward {pierce, *Contam *Noise rN+++ SInv}
rCold  + . .     Gourm    .     M - +1 robe {rC+}
rNeg   + + +     Faith    .     r - +2 buckler {rPois}
rPois  +         Spirit   .     (no helmet)
rElec  .         Dismiss  .     E - +0 cloak
rCorr  .         Reflect  .     I - +1 pair of gloves
SustAt .         Harm     .     n - +1 pair of boots
MR     +....                    (no amulet)
Stlth  ++........               k - ring of protection from fire
                                e - +3 ring of evasion

@: somewhat resistant to hostile enchantments, unstealthy
A: no striking features
a: Renounce Religion

Inventory:

Hand Weapons
 a - a +4 flail of protection
 o - the +4 rapier of the Coward (weapon) {pierce, *Contam *Noise rN+++ SInv}
   (You found it on level 1 of the Depths)

   It inflicts extra damage upon your enemies.
   It renders you almost immune to negative energy.
   It lets you see invisible.
   It may make noises in combat.
   It causes magical contamination when unequipped.
Armour
 n - a +1 pair of boots (worn)
 r - a +2 buckler of poison resistance (worn)
 A - a +2 robe of magic resistance
 E - a +0 cloak (worn)
 F - a +2 robe of fire resistance
 I - a +1 pair of gloves (worn)
 M - a +1 robe of cold resistance (worn)
 R - a +2 robe of the Archmagi
Magical Staves
 j - an uncursed staff of wizardry
Jewellery
 e - a +3 ring of evasion (left hand)
 k - a ring of protection from fire (right hand)
Wands
 q - a wand of disintegration (8/24)
 D - a wand of digging (11/24)
 H - a wand of hasting (6/9)
Scrolls
 b - 6 scrolls of remove curse
 i - 7 scrolls of recharging
 m - 2 scrolls of fog
 t - 3 scrolls of blinking
 v - a scroll of fear
 w - 5 scrolls of amnesia
 x - a scroll of silence {unknown}
 y - 2 scrolls of magic mapping
 G - a scroll of enchant armour
 L - a scroll of enchant weapon
 O - 2 scrolls of teleportation
 Q - 2 scrolls of noise {unknown}
 S - a scroll of summoning {unknown}
Potions
 f - 2 potions of resistance
 g - 3 potions of haste
 h - 3 potions of brilliance
 s - a potion of cancellation {unknown}
 u - 4 potions of heal wounds
 J - a potion of degeneration {unknown}
Miscellaneous
 C - a phial of floods
Comestibles
 c - 13 bread rations
 d - 9 beef jerkies
 l - 12 meat rations
 p - 3 slices of pizza


   Skills:
 + Level 6.4 Fighting
 + Level 9.4 Dodging
 - Level 2.4 Stealth
 - Level 4.1 Shields
 * Level 20.2 Spellcasting
 * Level 17.1 Conjurations
 * Level 17.6 Fire Magic


You had 38 spell levels left.
You knew the following spells:

 Your Spells              Type           Power        Failure   Level  Hunger
a - Flame Tongue          Conj/Fire      #####        0%          1    None
b - Conjure Flame         Conj/Fire      #######.     0%          3    None
c - Sticky Flame          Conj/Fire      #######.     0%          4    None
d - Fireball              Conj/Fire      #######...   1%          5    None
e - Iskenderun's Mystic   Conj           #######.     0%          4    None


You were on level 2 of the Depths.
You worshipped Vehumet.
Vehumet was extremely pleased with you.
You were not hungry.

You visited 2 branches of the dungeon, and saw 17 of its levels.
You also visited: Ice Cave.

You collected 1103 gold pieces.
You spent 106 gold pieces at shops.

###############
#.......@.....#
#C###########'#### ...
#.........###+####
.....
#.#.......#.....#8
#..... .
#.#......<........
#...(. ..
#.#.##............
.......
...##.#.##[.........#8
...C...
.............[......##
....#....)............

Notes
Turn   | Place    | Note
--------------------------------------------------------------
     0 | D:1      | ololoev the Deep Elf Fire Elementalist began the quest for the Orb.
     0 | D:1      | Reached XP level 1. HP: 10/10 MP: 6/6
     1 | D:1      | Noticed an electric eel
   143 | D:1      | Reached XP level 2. HP: 15/15 MP: 2/8
   411 | D:1      | namelastname112: пссс
   423 | D:1      | namelastname112: в тиму берещь еще?
   423 | D:1      | ololoev: yo
   423 | D:1      | ololoev: к сожалению, уже укомплектовано все
   423 | D:1      | namelastname112: бля
   423 | D:1      | ololoev: с утра народ налетел
   423 | D:1      | namelastname112: ну ладно
   423 | D:1      | ololoev: вот кстати я так чую есть маза организовать вторую команду
   423 | D:1      | ololoev: краулер тоже хочет
   423 | D:1      | namelastname112: ну а кто остался?
   423 | D:1      | ololoev: поучаствовать
   423 | D:1      | namelastname112: краулер
   423 | D:1      | namelastname112: я
   423 | D:1      | ololoev: еще в треде какой-то анончик писал
   423 | D:1      | namelastname112: мб друг мой будет
   423 | D:1      | ololoev: может еще кто набежит к турнаменту
   423 | D:1      | namelastname112: но он нюфак совсем
   580 | D:1      | Reached XP level 3. HP: 16/19 MP: 6/10
   586 | D:1      | Learned a level 3 spell: Conjure Flame
   656 | D:2      | Noticed Sigmund
   687 | D:2      | Found a snail-covered altar of Cheibriados.
   689 | D:2      | Reached skill level 4 in Spellcasting
   807 | D:2      | namelastname112: ну посмотрим короче
   807 | D:2      | namelastname112: сяпки
  1051 | D:4      | Reached XP level 4. HP: 9/24 MP: 2/12
  1057 | D:4      | Learned a level 4 spell: Sticky Flame
  1312 | D:5      | Entered Level 5 of the Dungeon
  1312 | D:5      | Noticed Grinder
  1320 | D:5      | Killed Grinder
  1320 | D:5      | Reached skill level 5 in Spellcasting
  1320 | D:5      | Reached skill level 5 in Fire Magic
  1320 | D:5      | Reached XP level 5. HP: 18/28 MP: 3/15
  1320 | D:5      | Reached XP level 6. HP: 20/32 MP: 3/16
  1367 | D:5      | Learned a level 5 spell: Fireball
  1635 | D:5      | Noticed Edmund
  1639 | D:5      | Found a radiant altar of Vehumet.
  1659 | D:5      | Became a worshipper of Vehumet
  1688 | D:5      | Killed Edmund
  1688 | D:5      | Reached skill level 6 in Spellcasting
  1861 | D:4      | Reached XP level 7. HP: 35/36 MP: 9/18
  2174 | D:4      | Noticed simok's ghost (amateur SpEn)
  2254 | D:4      | Killed simok's ghost
  2254 | D:4      | Reached skill level 7 in Spellcasting
  2254 | D:4      | Reached skill level 5 in Conjurations
  2545 | D:3      | Reached * piety under Vehumet
  2545 | D:3      | Offered knowledge of Sting by Vehumet.
  3027 | D:3      | Reached XP level 8. HP: 37/41 MP: 18/21
  3368 | D:5      | Found a staircase to the Ecumenical Temple.
  3444 | D:5      | Reached skill level 8 in Spellcasting
  3650 | D:5      | Noticed ololoev's ghost (novice HOFi)
  3713 | D:5      | Killed ololoev's ghost
  3900 | D:5      | Found a bloodstained altar of Trog.
  3929 | D:5      | Offered knowledge of Sandblast by Vehumet.
  3979 | D:5      | Reached ** piety under Vehumet
  4006 | D:5      | Reached skill level 9 in Spellcasting
  4183 | D:6      | Found a glowing silver altar of Zin.
  4393 | D:6      | Reached XP level 9. HP: 45/45 MP: 21/24
  4438 | D:6      | Noticed Eustachio
  4455 | D:6      | Killed Eustachio
  4557 | D:6      | Reached skill level 10 in Spellcasting
  4630 | D:6      | Found a bloodstained altar of Trog.
  4803 | D:6      | Offered knowledge of Stone Arrow by Vehumet.
  4970 | D:6      | Noticed Pikel
  5049 | D:6      | Killed Pikel
  5150 | D:6      | Found an oddly glowing altar of Pakellas.
  5151 | D:6      | Noticed a tengu reaver
  5159 | D:6      | Killed a tengu reaver
  5344 | D:6      | Killed Crazy Yiuf
  5375 | D:7      | Noticed a hill giant
  5559 | D:7      | Reached skill level 11 in Spellcasting
  5736 | D:7      | Killed a hill giant
  5736 | D:7      | Reached XP level 10. HP: 50/50 MP: 11/27
  5883 | D:7      | Reached *** piety under Vehumet
  6430 | D:7      | Found Osiameh's Antique Armour Emporium.
  6438 | D:7      | Bought a glowing robe for 21 gold pieces
  6456 | D:7      | Reached skill level 10 in Fire Magic
  6562 | D:8      | Found Lapha's Jewellery Shoppe.
  6597 | D:8      | Noticed Erolcha
  6601 | D:8      | Killed Erolcha
  6601 | D:8      | Reached skill level 12 in Spellcasting
  6861 | D:8      | Offered knowledge of Iskenderun's Mystic Blast by Vehumet.
  6959 | D:8      | Found a runed door.
  7052 | D:8      | Reached skill level 10 in Conjurations
  8132 | D:8      | Found a roughly hewn altar of Beogh.
  8208 | D:8      | Learned a level 4 spell: Iskenderun's Mystic Blast
  8253 | D:9      | Reached **** piety under Vehumet
  8341 | D:9      | Noticed Prince Ribbit
  8345 | D:9      | Killed Prince Ribbit
  8471 | D:9      | Found Xaces's Assorted Antiques.
  8482 | D:9      | Bought a garnet ring for 85 gold pieces
  8599 | D:9      | Offered knowledge of Fulminant Prism by Vehumet.
  8611 | D:9      | Found a staircase to the Lair.
  8657 | D:9      | Found an opulent altar of Gozag.
  8659 | D:9      | Found a sparkling altar of Nemelex Xobeh.
  8782 | D:9      | Noticed a queen ant
  8785 | D:9      | Killed a queen ant
  8785 | D:9      | Reached XP level 11. HP: 54/54 MP: 15/29
  8800 | D:9      | Reached skill level 13 in Spellcasting
  8976 | D:9      | Reached ***** piety under Vehumet
  9056 | D:9      | Offered knowledge of Bolt of Draining by Vehumet.
  9306 | D:9      | Found a white marble altar of Elyvilon.
  9362 | D:10     | Entered Level 10 of the Dungeon
 10082 | D:10     | Noticed a hill giant
 10085 | D:10     | Killed a hill giant
 10371 | D:10     | Found a staircase to the Orcish Mines.
 10547 | D:11     | Found a radiant altar of Vehumet.
 10776 | D:11     | Reached skill level 1 in Shields
 10843 | D:11     | Found Dypnuwk's Weapon Shop.
 10886 | D:11     | Noticed Fannar
 10889 | D:11     | Killed Fannar
 11068 | D:11     | Reached skill level 14 in Spellcasting
 11970 | D:12     | Noticed a hill giant
 11975 | D:12     | Killed a hill giant
 11982 | D:12     | Reached XP level 12. HP: 53/59 MP: 0/32
 12163 | D:12     | Offered knowledge of Lee's Rapid Deconstruction by Vehumet.
 12975 | D:13     | Noticed Josephine
 12979 | D:13     | Killed Josephine
 13311 | D:13     | Noticed a centaur warrior
 13411 | D:13     | Killed a centaur warrior
 13497 | D:13     | Reached skill level 15 in Spellcasting
 14044 | D:13     | Noticed an ettin
 14044 | D:13     | Noticed a vault guard
 14049 | D:13     | Killed an ettin
 14050 | D:13     | Killed a vault guard
 14492 | D:13     | Found a gate to the Vaults.
 14660 | D:14     | Found a frozen archway.
 14750 | IceCv    | Entered an ice cave
 14776 | IceCv    | Reached XP level 13. HP: 63/63 MP: 16/34
 15403 | IceCv    | Got a crude scale mail
 15519 | D:14     | Reached skill level 16 in Spellcasting
 16429 | D:14     | Offered knowledge of Irradiate by Vehumet.
 17023 | D:15     | Entered Level 15 of the Dungeon
 17030 | D:15     | Reached skill level 1 in Fighting
 17435 | D:15     | Reached skill level 17 in Spellcasting
 17704 | D:15     | Reached XP level 14. HP: 61/72 MP: 10/37
 18057 | D:15     | Reached skill level 15 in Fire Magic
 18620 | D:15     | Found a staircase to the Depths.
 19022 | Depths:1 | Entered Level 1 of the Depths
 19022 | Depths:1 | Noticed a fire giant
 19022 | Depths:1 | Noticed a stone giant
 19034 | Depths:1 | Killed a fire giant
 19037 | Depths:1 | Killed a stone giant
 19179 | Depths:1 | Reached skill level 5 in Dodging
 19302 | Depths:1 | Noticed an acid blob
 19302 | Depths:1 | Noticed an azure jelly
 19302 | Depths:1 | Noticed an azure jelly
 19319 | Depths:1 | Noticed an acid blob
 19326 | Depths:1 | Noticed an azure jelly
 19329 | Depths:1 | Noticed an azure jelly
 19381 | Depths:1 | Noticed a purple very ugly thing
 19382 | Depths:1 | Noticed a purple very ugly thing
 19384 | Depths:1 | Noticed a purple very ugly thing
 19384 | Depths:1 | Killed a cyan very ugly thing
 19385 | Depths:1 | Killed a purple very ugly thing
 19385 | Depths:1 | Reached skill level 15 in Conjurations
 19387 | Depths:1 | Killed a purple very ugly thing
 19404 | Depths:1 | Reached skill level 18 in Spellcasting
 19583 | Depths:1 | Noticed a brown very ugly thing
 19585 | Depths:1 | Noticed a brown very ugly thing
 19586 | Depths:1 | Noticed a brown very ugly thing
 19587 | Depths:1 | Killed a brown very ugly thing
 19589 | Depths:1 | Noticed a brown very ugly thing
 19593 | Depths:1 | Noticed a brown very ugly thing
 19593 | Depths:1 | Killed a white very ugly thing
 19593 | Depths:1 | Killed a brown very ugly thing
 19757 | D:15     | Killed a green very ugly thing
 19758 | D:15     | Killed a purple very ugly thing
 19882 | Depths:1 | Noticed a brown very ugly thing
 19883 | Depths:1 | Noticed a brown very ugly thing
 19884 | Depths:1 | Killed a brown very ugly thing
 19885 | Depths:1 | Killed a brown very ugly thing
 19885 | Depths:1 | Reached XP level 15. HP: 80/80 MP: 19/39
 20014 | Depths:1 | Offered knowledge of Venom Bolt by Vehumet.
 21049 | Depths:1 | Found a gateway to Hell.
 21386 | Depths:1 | Reached skill level 19 in Spellcasting
 21728 | Depths:1 | Reached skill level 5 in Fighting
 22473 | Depths:1 | Reached XP level 16. HP: 88/88 MP: 30/41
 22491 | Depths:1 | Offered knowledge of Conjure Ball Lightning by Vehumet.
 22787 | Depths:1 | Found a viscous altar of Jiyva.
 23593 | Depths:1 | Killed an acid blob
 23597 | Depths:1 | Killed an acid blob
 23606 | Depths:1 | Reached skill level 20 in Spellcasting
 23641 | Depths:1 | Got a pitted rapier
 23642 | Depths:1 | Identified the +4 rapier of the Coward {pierce, *Contam *Noise rN+++ SInv} (You found it on level 1 of the Depths)
 23859 | Depths:2 | HP: 2/89 [frost giant/bolt of cold (55)]
 24735 | Depths:2 | Hit by a large rock thrown by a stone giant

Dungeon Overview and Level Annotations

Branches:
Dungeon (15/15)            Temple (0/1) D:5            Lair (0/8) D:9
    Orc (0/2) D:10         Vaults (0/5) D:13         Depths (2/5) D:15

Altars:
Cheibriados
Elyvilon
Gozag
Nemelex Xobeh
Pakellas
Trog
Vehumet
Zin
Beogh
Jiyva

Shops:
D:7 [   D:8 =   D:9 *   D:11 (

Portals:
Hell: Depths:1

Annotations:
D:2 Sigmund


Message History

Confirm with . or Enter, or press ? or * to list all spells.
Aiming: Iskenderun's Mystic Blast
Press: ? - help, Shift-Dir - straight line, f/p - fire dragon
Aim: a fire dragon (severely wounded, catching its breath)
You feel a surge of power!
The orb of energy hits the fire dragon.
The fire dragon is almost dead.
Casting: Iskenderun's Mystic Blast
Confirm with . or Enter, or press ? or * to list all spells.
Aiming: Iskenderun's Mystic Blast
Press: ? - help, Shift-Dir - straight line, f/p - fire dragon
Aim: a fire dragon (severely wounded, catching its breath)
You feel a surge of power!
The orb of energy misses the fire dragon.
Casting: Iskenderun's Mystic Blast
Confirm with . or Enter, or press ? or * to list all spells.
Aiming: Iskenderun's Mystic Blast
Press: ? - help, Shift-Dir - straight line, f/p - fire dragon
Aim: a fire dragon (severely wounded, catching its breath)
You feel a surge of power!
The orb of energy hits the fire dragon.
The fire dragon is almost dead.
Casting: Iskenderun's Mystic Blast
Confirm with . or Enter, or press ? or * to list all spells.
Aiming: Iskenderun's Mystic Blast
Press: ? - help, Shift-Dir - straight line, f/p - fire dragon
Aim: a fire dragon (almost dead, catching its breath)
You feel a surge of power!
The orb of energy hits the fire dragon.
You kill the fire dragon!
Vehumet accepts your kill.
You feel your power returning.
The orb of energy explodes!
You see here a fire dragon corpse.
You butcher the fire dragon corpse.
z - a chunk of flesh Eat a chunk of flesh? (ye/n/q/i?) This raw flesh tastes terrible.
You continue eating. x2
(D) Dungeon (T) Temple (L) Lair (O) Orcish Mines (V) Vaults (U) Depths (H) Hell
Where to? (Enter - Depths:1 @ (x,y), ? - help)
Things that are here:
a robe; a halberd; a fire dragon corpse
Things that are here:
an enchanted great mace; a plate armour
There is a stone staircase leading up here.
You climb upwards.
There is a stone staircase leading down here.
Wear which item? (? for menu, Esc to quit)
You start removing your armour.
You continue taking off your +2 robe of the Archmagi. x4
You finish taking off your +2 robe of the Archmagi.
You feel strangely numb.
You start putting on your armour.
You continue putting on your +1 robe of cold resistance. x5
You finish putting on your +1 robe of cold resistance.
You feel resistant to cold.
You climb downwards.
There is a stone staircase leading up here.
You open the door.
There is an open door here.
You open the door.
A stone giant comes into view.
The stone giant shouts!
The stone giant throws a large rock.
The large rock hits you!!
Found 16 stones.
A stone giant is nearby!
Casting: Iskenderun's Mystic Blast
Confirm with . or Enter, or press ? or * to list all spells.
Aiming: Fireball
Press: ? - help, Shift-Dir - straight line The fireball explodes!
The fireball engulfs the stone giant.
The stone giant is moderately wounded.
The stone giant throws a large rock.
The large rock hits you!
Casting: Fireball
Confirm with . or Enter, or press ? or * to list all spells.
Aiming: Fireball
Press: ? - help, Shift-Dir - straight line The fireball explodes!
The fireball engulfs the stone giant.
The stone giant is severely wounded.
The stone giant throws a large rock.
The large rock hits you!!!
Ouch! That really hurt!
You die...

You could see a stone giant.

Vanquished Creatures
  2 acid blobs (Depths:1)
  2 fire giants
  4 azure jellies (Depths:1)
  3 frost giants
  A vampire knight (Depths:1)
  2 stone giants (Depths:1)
  20 very ugly things
  3 spark wasps (Depths:1)
  2 ettins
  10 death oozes (Depths:1)
  A vault guard (D:13)
  2 fire dragons (Depths:2)
  Josephine (D:13)
  Erolcha (D:8)
  6 great orbs of eyes
  An ice dragon (Depths:1)
  2 rakshasas (Depths:1)
  5 ogre magi
  A hydra (D:15)
  2 entropy weavers (Depths:1)
  7 deep troll shamans
  4 centaur warriors
  2 tengu warriors (D:15)
  A queen ant (D:9)
  2 deep troll earth magi (Depths:1)
  A hell hog (shapeshifter) (Depths:1)
  2 skeletal warriors
  3 hell knights (Depths:2)
  4 iron trolls (Depths:1)
  A shadow wraith (D:13)
  19 deep trolls
  An unseen horror (shapeshifter) (D:15)
  6 hill giants
  4 unseen horrors
  A giant orange brain (D:15)
  2 phantasmal warriors (Depths:1)
  A tengu zombie (Depths:1)
  Pikel (D:6)
  4 necromancers
  An orb spider (shapeshifter) (D:15)
  A stone giant zombie (Depths:1)
  A manticore (D:13)
  22 ugly things
  3 cyclopes
  2 griffons (D:15)
  A moth of wrath (shapeshifter) (Depths:1)
  3 ice statues (IceCv)
  The ghost of ololoev the Chopper, a novice HOFi (D:5)
  A black mamba (shapeshifter) (D:15)
  A komodo dragon (D:12)
  A gargoyle (D:10)
  2 kobold demonologists (D:14)
  6 ice devils (IceCv)
  A redback zombie (D:14)
  9 trolls
  2 tengu conjurers (D:15)
  16 two-headed ogres
  Prince Ribbit (D:9)
  A blink frog (shapeshifter) (Depths:1)
  Grinder (D:5)
  13 slime creatures
  A fire dragon zombie (Depths:1)
  A fire giant simulacrum (Depths:1)
  3 shadows (D:15)
  5 redbacks (Depths:1)
  2 water elementals
  A human (shapeshifter) (D:15)
  3 wyverns
  5 yaks (D:12)
  A wyvern (shapeshifter) (D:15)
  8 wraiths
  Eustachio (D:6)
  An elf zombie (Depths:1)
  2 hippogriffs
  A hungry ghost (D:8)
  5 vampire mosquitoes
  A steam dragon (shapeshifter) (Depths:1)
  Edmund (D:5)
  2 wargs (D:9)
  7 soldier ants (D:9)
  The ghost of simok the Sneak, an amateur SpEn of Dithmenos (D:4)
  A black bear (D:6)
  16 orc warriors
  3 slaves (D:6)
  2 phantoms
  A sky beast (D:7)
  9 ice beasts
  29 ogres
  10 centaurs
  10 boggarts
  A crocodile (D:12)
  7 big kobolds
  A wyvern zombie (D:14)
  8 giant frogs
  2 gnoll sergeants (D:10)
  A wyvern skeleton (D:13)
  A water moccasin skeleton (D:12)
  3 scorpions
  8 wights
  2 electric eels (D:12)
  10 howler monkeys
  2 crimson imps
  4 quasits
  5 centaur zombies
  2 draconian simulacra (IceCv)
  A giant frog skeleton (D:6)
  6 centaur skeletons
  2 giant frog zombies
  Crazy Yiuf (D:6)
  14 orc priests
  5 hounds
  14 jellies
  17 orc wizards
  5 iguanas
  28 worker ants
  3 troll simulacra (IceCv)
  A centaur simulacrum (IceCv)
  A hound zombie (D:11)
  3 ogre simulacra (IceCv)
  15 adders
  A naga simulacrum (IceCv)
  A shadow imp (D:6)
  11 oozes (Depths:1)
  An adder zombie (D:7)
  An adder skeleton (D:8)
  3 worms
  3 dart slugs (D:2)
  5 giant geckos
  66 orcs
  6 bats
  6 giant cockroaches
  4 goblins
  6 hobgoblins
  14 jackals
  20 kobolds
  3 quokkas
  A giant gecko skeleton (D:7)
  5 giant newts
  A jackal skeleton (D:5)
  9 rats
  A fungus (D:6)
701 creatures vanquished.

Vanquished Creatures (collateral kills)
  A yak (D:12)
  A soldier ant (D:9)
  An orc warrior (D:10)
  A big kobold (D:10)
  3 gnoll sergeants (D:10)
  3 worker ants (D:9)
  3 orcs
13 creatures vanquished.

Vanquished Creatures (others)
  A tengu reaver (D:6)
  Fannar (D:11)
  A big kobold (D:10)
  A plant (D:9)
4 creatures vanquished.

Grand Total: 718 creatures vanquished

Action                   |  1- 3 |  4- 6 |  7- 9 | 10-12 | 13-15 | 16-18 || total
-------------------------+-------+-------+-------+-------+-------+-------++-------
Melee: Unarmed           |     1 |       |       |       |       |       ||     1
       Flail             |       |       |    30 |    36 |    36 |       ||   102
 Cast: Flame Tongue      |    58 |    30 |   175 |   284 |    59 |       ||   606
       Sticky Flame      |       |     2 |    22 |    30 |    35 |     2 ||    91
       Fireball          |       |       |    25 |   155 |   298 |    78 ||   556
       Conjure Flame     |       |       |     4 |    15 |    21 |       ||    40
       Iskenderun's Myst |       |       |       |     5 |    29 |    35 ||    69
Evoke: Wand              |       |     6 |       |     2 |     4 |       ||    12
       Phial of floods   |       |       |       |     2 |     2 |       ||     4
  Use: Scroll            |       |     6 |     2 |    11 |    10 |     2 ||    31
       Potion            |       |       |       |     2 |     6 |     1 ||     9
 Stab: Sleeping          |       |       |     1 |       |       |       ||     1
  Eat: Chunk             |       |     3 |    17 |    34 |    15 |     5 ||    74
       Royal jelly       |       |       |       |     2 |     2 |       ||     4
       Fruit             |       |       |       |       |     5 |       ||     5
       Pizza             |       |       |       |       |       |     1 ||     1
Armor: Robe              |     4 |     2 |    18 |    65 |    42 |     1 ||   132
Dodge: Dodged            |    23 |    15 |    44 |   121 |   101 |     9 ||   313
Block: Buckler           |       |       |       |    31 |    51 |     1 ||    83

Vault maps used:
D:1:      arrival_aquarium_a
D:2:      kennysheep_slug_shrine, ecumenical_altar_1, minivault_27, uniq_sigmund
D:4:      st_stairs_9
D:5:      vehumet_altar_wand_db, minmay_temple_entry_statues_fountains,
          first_bread, trog_butcher_becter, uniq_grinder, uniq_edmund
D:6:      zin_academy, bloody_trog, gammafunk_pakellas_spire_experiment,
          minmay_misc_feat_nine_boxes, kennysheep_opposing_triangles,
          uniq_pikel, uniq_eustachio, uniq_crazy_yiuf_cottage
D:7:      serial_shops, shop_statue, grunt_ogre_cave,
          hangedman_abyss_or_decor_stabs, kennysheep_doodads
D:8:      serial_shops, kennysheep_mini_moat, lightli_church_of_beogh,
          uniq_erolcha
D:9:      grunt_temple_overflow_opulence, kennysheep_little_box,
          erik_lair_orcish_takeover, serial_shops, shop, zaba_antful_of_joy,
          uniq_prince_ribbit1
D:10:     kennysheep_orc_monster_closet_entryway
D:11:     serial_shops, nicolae_shop_statue_plus, basic_altar, uniq_fannar
D:13:     david_vaults_4, uniq_josephine
D:14:     minmay_misc_feat_chi, portal_ice_cave_entry_pillars_02
D:15:     gammafunk_enter_depths_forms, serial_park_square3, st_stairs_4
Depths:1: serial_sigils_hangedman_gut, hell_entry, special_room, minivault_1,
          minmay_acid_items
Depths:2: evilmike_diamond_2, abyss_entry, hell_entry,
          serial_sigils_hangedman_snap, st_stairs_6,
          infiniplex_staircase_pool_1, uniq_wiglaf
IceCv:    ice_cave_tombish
